 Dungeon Crawl Stone Soup version 0.27-a0-797-g27d10ad80f (webtiles) character file.

Game seed: 2804224476063707953

72 dickylongcocking the Magician (level 4, -2/31 HPs)
             Began as a Djinni Fire Elementalist on Mar 27, 2021.
             Slain by a wyvern skeleton (12 damage)
             ... on level 2 of the Dungeon.
             The game lasted 00:01:34 (1727 turns).

dickylongcocking the Magician (DjFE)                Turns: 1727, Time: 00:01:35

Health: -2/31      AC:  4    Str:  7    XL:     4   Next: 26%
Gold:   54         EV: 12    Int: 17    God:
                   SH:  0    Dex: 14

rFire    + . .     SeeInvis .   b - +1 spear (venom)
rCold    . . .     Faith    .   (no shield)
rNeg     . . .     Spirit   .   a - +0 robe
rPois    ∞         Reflect  .   (no helmet)
rElec    .         Harm     .   (no cloak)
rCorr    .         Rampage  .   h - +1 pair of gloves
Will     .....                  (boots unavailable)
Stlth    ++........             (no amulet)
HPRegen  0.10/turn              f - ring of ice
MPRegen  0.00/turn              (no ring)

@: flying
A: fire resistance 2, cold vulnerability 1, float, innate caster, hp casting,
extra vitality 1
a: no special abilities


You were on level 2 of the Dungeon.
You visited 1 branch of the dungeon, and saw 2 of its levels.

You collected 54 gold pieces.

Inventory:

Hand Weapons
 b - a +1 spear of venom (weapon)
 d - a +0 short sword
Armour
 a - a +0 robe (worn)
 h - a +1 pair of gloves (worn)
Jewellery
 f - a ring of ice (left hand)
Scrolls
 c - a scroll of blinking
 e - a scroll of enchant weapon {unknown}
 j - a scroll of identify {unknown}
Potions
 g - a potion of haste {unknown}
 i - a potion of ambrosia {unknown}


   Skills:
 + Level 0.1 Fighting
 + Level 2.5 Dodging
 + Level 2.0 Stealth
 + Level 3.9 Spellcasting


You couldn't memorise any spells.
You knew the following spells:

 Your Spells              Type           Power      Damage    Failure   Level
a - Foxfire               Conj/Fire      64%        2x1d7     3%          1
b - Conjure Flame         Conj/Fire      16%        6-21      10%         3
c - Inner Flame           Hex/Fire       16%        N/A       10%         3
d - Sticky Flame          Conj/Fire      16%        2d4       30%         4
e - Fireball              Conj/Fire      8%         3d6       65%         5
f - Pain                  Necr           64%        1d7       3%          1
Your spell library was empty.

Dungeon Overview and Level Annotations

Branches:
Dungeon (2/15)

Altars:

Shops:
D:2 (


Innate Abilities, Weirdness & Mutations

You are immune to poison.
Your flesh is very heat resistant. (rF++)
You are vulnerable to cold. (rC-)
You float through the air rather than walking.
You learn spells naturally, not from books.
Your magical power is your life essence.
You have superior vitality. (+4 HP)


Message History

The quokka closely misses you.
You closely miss the quokka.
The quokka is heavily wounded.
The wyvern skeleton closely misses you. The quokka barely misses you.
You barely miss the quokka.
The quokka is heavily wounded.
You kill the quokka!
The wyvern skeleton closely misses you. The wyvern skeleton bites you!
The wyvern skeleton bites you!
You see here a quokka corpse.
You are too injured to fight recklessly!
A wyvern skeleton is nearby!
You are too injured to fight recklessly!
A wyvern skeleton is nearby!
Unknown command.
Casting: Foxfire (safe; 3% risk of failure)
Confirm with . or Enter, or press ? or * to list all spells.
You conjure some foxfire!
The wyvern skeleton bites you.
Unknown command.
Unknown command.
The foxfire hits the wyvern skeleton.
The wyvern skeleton is lightly damaged.
The foxfire hits the wyvern skeleton.
The wyvern skeleton is moderately damaged.
The wyvern skeleton closely misses you.
Casting: Foxfire (safe; 3% risk of failure)
Confirm with . or Enter, or press ? or * to list all spells.
You conjure some foxfire!
The wyvern skeleton barely misses you.
Unknown command.
Unknown command.
The foxfire hits the wyvern skeleton.
The wyvern skeleton is moderately damaged.
The foxfire hits the wyvern skeleton.
The wyvern skeleton is heavily damaged.
Casting: Foxfire (safe; 3% risk of failure)
Confirm with . or Enter, or press ? or * to list all spells.
You conjure some foxfire!
* * * LOW HITPOINT WARNING * * *
The wyvern skeleton barely misses you. The wyvern skeleton bites you!
You die...

##########.....†.
#................
#................
#..........###...
#..........# ##'#
#..........# #.#
# #..........#
#.#
#.###..........#
#.#
#..v@Z.........#
#.#
#..v..†.########
#.# #...§...# #.#
#.......# #.# .#
#.........# ..
##........# .
.........##
...>......
.........##


You could see a wyvern skeleton (ally target).

Vanquished Creatures
  3 gnolls (D:2)
  A dart slug (D:1)
  3 endoplasms
  6 giant cockroaches
  A goblin (D:1)
  3 hobgoblins
  8 kobolds
  4 quokkas
  4 ball pythons
  2 bats (D:1)
  2 frilled lizards (D:1)
  A rat (D:2)
38 creatures vanquished.

Vanquished Creatures (others)
  101 foxfires
101 creatures vanquished.

Grand Total: 139 creatures vanquished

Notes
Turn   | Place    | Note
-------+----------+-------------------------------------------
     0 | D:1      | dickylongcocking the Djinni Fire Elementalist began the
                  | quest for the Orb.
     0 | D:1      | Reached XP level 1. HP: 15/15 MP: 0/0
   273 | D:1      | Reached skill level 3 in Spellcasting
   273 | D:1      | Reached XP level 2. HP: 16/21 MP: 0/0
  1005 | D:1      | Reached XP level 3. HP: 24/25 MP: 0/0
  1005 | D:1      | Learned a level 1 spell: Pain
  1274 | D:2      | Found Quoppu's Weapon Boutique.
  1332 | D:2      | Reached XP level 4. HP: 26/31 MP: 0/0
  1727 | D:2      | Slain by a wyvern skeleton

Illustrated notes

Levels and vault maps discovered:
D:1:      elethiomel_arrival_shortcut, layout_basic
D:2:      layout_basic, gammafunk_temple_overflow_statue, serial_shops, shop,
          nicolae_shop_window_shopping, minmay_worlds_worst_comb

Skill      XL: |  1  2  3  4 |
---------------+-------------+-----
Spellcasting   | 3 |  3.9
Stealth        | 2 |  2.0
Fighting       | |  0.1
Dodging        | |  2.5

Action                   |  1- 3 |  4- 6 || total
-------------------------+-------+-------++-------
Melee: Short sword       |     2 |       ||     2
       Spear             |       |     7 ||     7
 Cast: Foxfire           |    60 |     8 ||    68
  Use: Potion            |     4 |       ||     4
       Scroll            |     1 |       ||     1
Armor: Robe              |     2 |       ||     2
       Skin              |    20 |     3 ||    23
Dodge: Dodged            |    30 |     8 ||    38

Table legend: (Time is in decaauts)
 A = Elapsed time spent in this place.
 B = Non-inter-level travel time spent in this place.
 C = Inter-level travel time spent in this place.
 D = Time resting spent in this place.
 E = Time spent auto-exploring this place.
 F = Levels seen in this place.
 G = Mean time per level.
                   A        B        C        D        E       F      G
               +--------+--------+--------+--------+--------+-----+--------+
         Total |   1735 |   1705 |     30 |    110 |   1330 |   2 |  867.5 |
       Dungeon |   1735 |   1705 |     30 |    110 |   1330 |   2 |  867.5 |
               +--------+--------+--------+--------+--------+-----+--------+

Top non-repeatable levels by time:
     D:1: 1096 daAuts
     D:2: 639 daAuts
